 Dungeon Crawl Stone Soup version 0.17-a0-1900-g45e8110 (webtiles) character file.

1252 Ijustatesigmund the Firebug (level 8, -1/63 HPs)
             Began as a Deep Elf Fire Elementalist on Sept 24, 2015.
             Was an Initiate of Vehumet.
             Slain by an orc warrior
             ... wielding a +3 short sword of venom
              (6 damage)
             ... on level 7 of the Dungeon.
             The game lasted 00:25:10 (5896 turns).

Ijustatesigmund the Firebug (DEFE)                  Turns: 5896, Time: 00:25:10

Health: -1/63      AC:  2    Str: 10    XL:     8   Next: 26%
Magic:  18/18      EV: 13    Int: 23    God:    Vehumet [......]
Gold:   228        SH:  0    Dex: 15    Spells: 5 memorised, 4 levels left

rFire  + . .     SeeInvis .     E - +2 short sword (freeze)
rCold  . . .     Clarity  .     a - +0 robe
rNeg   . . .     SustAt   .     (no shield)
rPois  .         Gourm    .     (no helmet)
rElec  .         Spirit   .     (no cloak)
rCorr  .         Warding  .     (no gloves)
rMut   .         Stasis   .     (no boots)
MR     .....                    (no amulet)
Stlth  ..........               h - ring of stealth
                                A - ring of protection from fire

@: confused, berserking, lethally poisoned (-1 -> -37), very quick, not
resistant to hostile enchantments, extremely unstealthy
A: no striking features
a: Renounce Religion


You were on level 7 of the Dungeon.
You worshipped Vehumet.
Vehumet was noncommittal.
You were hungry.

You visited 2 branches of the dungeon, and saw 8 of its levels.

You collected 383 gold pieces.
You spent 155 gold pieces at shops.

Inventory:

Hand weapons
 E - a +2 short sword of freezing (weapon)
Armour
 a - a +0 robe (worn)
 r - a +2 shield of fire resistance
 B - a +0 buckler
Jewellery
 h - a ring of stealth (right hand)
 m - an uncursed ring of ice
 o - an uncursed ring of sustain attributes
 z - an uncursed ring of teleportation
 A - a ring of protection from fire (left hand)
Magical devices
 j - a wand of lightning (8)
Scrolls
 e - 5 scrolls of remove curse
 n - 2 scrolls of magic mapping
 s - 6 scrolls of identify
 v - a scroll of teleportation
 x - a scroll of fog
 y - 2 scrolls of fear
 D - a scroll of enchant weapon
Potions
 d - a potion of cancellation
 f - a potion of brilliance {unknown}
 g - a potion of ambrosia {unknown}
 l - 2 potions of lignification
 p - a potion of might
 q - a potion of haste
 t - a potion of mutation
 u - a potion of flight
 w - a potion of degeneration {unknown}
Books
 b - a book of Flames

   Spells                             Type                      Level
   a - Flame Tongue                   Conjuration/Fire             1
   b - Throw Flame                    Conjuration/Fire             2
   c - Conjure Flame                  Conjuration/Fire             3
   d - Inner Flame                    Hexes/Fire                   3
   e - Sticky Flame                   Conjuration/Fire             4
   f - Fireball                       Conjuration/Fire             5
Comestibles
 c - 3 bread rations
 i - 2 meat rations
 C - a royal jelly


   Skills:
 + Level 0.4 Fighting
 - Level 3.1 Short Blades
 - Level 3.0 Dodging
 - Level 4.0 Stealth
 - Level 5.3 Spellcasting
 + Level 6.1 Conjurations
 + Level 3.1 Hexes
 + Level 6.6 Fire Magic


You had 4 spell levels left.
You knew the following spells:

 Your Spells              Type           Power        Failure   Level  Hunger
a - Flame Tongue          Conj/Fire      #####        1%          1    None
b - Throw Flame           Conj/Fire      #####.       1%          2    None
c - Conjure Flame         Conj/Fire      #####...     1%          3    ##.....
d - Sticky Flame          Conj/Fire      #####...     10%         4    ####...
e - Inner Flame           Hex/Fire       ####....     4%          3    ##.....


Dungeon Overview and Level Annotations

Branches:
Dungeon (7/15)             Temple (1/1) D:7

Altars:
Ashenzari
Cheibriados
Dithmenos
Elyvilon
Fedhas
Gozag
Kikubaaqudgha
Makhleb
Nemelex Xobeh
Okawaru
Qazlal
Ru
Sif Muna
Trog
Vehumet
Yredelemnul

Shops:
D:4 ?


Message History

You are more poisoned.
Drink which item? (? for menu, Esc to quit)
A red film seems to cover your vision as you go berserk!
You feel yourself moving faster!
You feel mighty!
* * * LOW HITPOINT WARNING * * *
You feel sick. Something hits you.
* * * LOW HITPOINT WARNING * * *
The orc warrior hits you but does no damage.
You are more poisoned.
You hit something. You freeze something.
* * * LOW HITPOINT WARNING * * *
You feel sick.
You hear some strange, mumbled words.
Something tries to affect you, but you resist.
You miss the orc warrior.
The orc warrior is lightly wounded.
* * * LOW HITPOINT WARNING * * *
You feel very sick.
The orc warrior hits you with a short sword of venom.
You die...

...... .............
...... .............
...... ............
...... ...........
...... ......... ......
#.....)# ......
#.....(#####.# ...... ..
#...o{o'...... ......
..##....@.####### ......
........### .....
........# ######
........######## ......
..#<...........#
......................>#
............###.########
.### .......# #.# .#
.......###.###


You could see an orc warrior and an orc.

Vanquished Creatures
  2 sky beasts (D:6)
  2 ice beasts
  An ogre (D:6)
  A phantom (D:6)
  A centaur (D:6)
  2 scorpions (D:4)
  2 crimson imps
  A giant frog zombie (D:7)
  2 orc wizards
  An orc priest (D:3)
  2 hounds
  2 worker ants
  A centaur skeleton (D:6)
  An iguana (D:4)
  6 adders
  A shadow imp (D:6)
  5 worms
  An adder skeleton (D:5)
  A giant gecko (D:2)
  16 orcs
  7 bats
  5 giant cockroaches
  8 goblins
  8 hobgoblins
  A ball python (D:3)
  A giant gecko zombie (D:6)
  8 giant newts
  6 kobolds
  2 quokkas
  A quokka skeleton (D:4)
  21 rats
119 creatures vanquished.

Notes
Turn   | Place    | Note
--------------------------------------------------------------
     0 | D:1      | Ijustatesigmund the Deep Elf Fire Elementalist began the quest for the Orb.
     0 | D:1      | Reached XP level 1. HP: 10/10 MP: 6/6
   318 | D:1      | Reached XP level 2. HP: 15/15 MP: 8/8
   322 | D:1      | Learned a level 2 spell: Throw Flame
   668 | D:1      | Reached skill level 1 in Short Blades
   879 | D:2      | Reached XP level 3. HP: 11/19 MP: 1/9
   884 | D:2      | Learned a level 3 spell: Conjure Flame
  1452 | D:2      | Found a sacrificial altar of Ru.
  1804 | D:2      | Reached XP level 4. HP: 24/24 MP: 5/10
  1818 | D:2      | Reached skill level 4 in Fire Magic
  2427 | D:3      | Reached XP level 5. HP: 24/28 MP: 0/12
  2581 | D:3      | Learned a level 4 spell: Sticky Flame
  2632 | D:3      | HP: 1/28 [worm (8)]
  3002 | D:3      | Found a shattered altar of Ashenzari.
  3499 | D:3      | Noticed an ice beast
  3504 | D:3      | Killed an ice beast
  3504 | D:3      | Reached XP level 6. HP: 32/32 MP: 9/14
  3569 | D:4      | Reached skill level 5 in Fire Magic
  3782 | D:4      | Reached skill level 5 in Spellcasting
  3933 | D:4      | Found Gulov's Magic Scroll Shoppe.
  3937 | D:4      | Bought a scroll of remove curse for 30 gold pieces
  3937 | D:4      | Bought a scroll of teleportation for 30 gold pieces
  3937 | D:4      | Bought a scroll of identify for 20 gold pieces
  3937 | D:4      | Bought a scroll of fog for 20 gold pieces
  3937 | D:4      | Bought a scroll of identify for 20 gold pieces
  3937 | D:4      | Bought a scroll of fear for 35 gold pieces
  4118 | D:5      | Entered Level 5 of the Dungeon
  4122 | D:5      | Reached XP level 7. HP: 36/36 MP: 11/16
  4144 | D:5      | Reached skill level 5 in Conjurations
  4310 | D:6      | Learned a level 3 spell: Inner Flame
  4346 | D:6      | Reached skill level 6 in Fire Magic
  4364 | D:6      | Reached skill level 1 in Hexes
  5021 | D:6      | Reached XP level 8. HP: 26/41 MP: 5/18
  5554 | D:7      | Found a staircase to the Ecumenical Temple.
  5563 | Temple   | Entered the Ecumenical Temple
  5579 | Temple   | Became a worshipper of Vehumet
  5896 | D:7      | Slain by an orc warrior

Vault maps used:
D:1:      eino_arrival_druids_welcome
D:2:      nicolae_ru_the_path_less_chosen
D:3:      lemuel_doored_altar, grunt_ministairs_12, minmay_rat_hole
D:4:      serial_shops, shop
D:5:      grunt_temple_overflow_order_and_chaos_1, first_bread
D:7:      minmay_temple_entry_statues_pillars
Temple:   lightli_temple_of_artemis

Action                   |  1- 3 |  4- 6 |  7- 9 || total
-------------------------+-------+-------+-------++-------
Melee: Dagger            |    62 |    62 |    85 ||   209
       Short sword       |       |       |    21 ||    21
 Cast: Flame Tongue      |    53 |    42 |     5 ||   100
       Throw Flame       |     6 |    45 |    17 ||    68
       Sticky Flame      |       |     1 |     3 ||     4
       Conjure Flame     |       |       |     1 ||     1
Evoke: Wand              |       |       |     2 ||     2
  Use: Scroll            |     6 |     9 |     1 ||    16
       Potion            |     2 |     1 |     1 ||     4
 Stab: Sleeping          |     5 |     8 |     8 ||    21
       Distracted        |       |     1 |     1 ||     2
  Eat: Chunk             |     2 |     7 |     1 ||    10
       Fruit             |     1 |     1 |     1 ||     3
       Bread ration      |       |       |     1 ||     1
